 Dungeon Crawl Stone Soup version 0.28-a0-726-g4a9143789a (webtiles) character file.

Game seed: 13135355046904998794

4262 lunkers the Thaumaturge (level 10, -6/76 HPs)
             Began as a Djinni Cinder Acolyte on Oct 26, 2021.
             Was a High Priest of Ignis.
             Mangled by a two-headed ogre (35 damage)
             ... on level 9 of the Dungeon on Oct 27, 2021.
             The game lasted 00:20:51 (11570 turns).

lunkers the Thaumaturge (Djinni Cinder Acolyte)    Turns: 11570, Time: 00:20:52

Health: -6/76      AC:  5    Str: 13    XL:     10   Next: 56%
Gold:   416        EV: 15    Int: 22    God:    Ignis [*****.] SH:  0 Dex:  9

rFire   + + +      SeeInvis .   c - +6 battleaxe "Acliu" {spect, rC+ Int+3}
rCold   + . .      Faith    .   (shield currently unavailable)
rNeg    . . .      Spirit   .   b - +0 robe
rPois   ∞          Reflect  .   (no helmet)
rElec   .          Harm     .   G - +0 cloak
rCorr   .          Rampage  .   m - +1 pair of gloves
Will    +....                   (boots unavailable)
Stlth   +.........              (no amulet)
HPRegen 0.22/turn               E - +4 ring of evasion
MPRegen 0.00/turn               k - ring of protection from cold

@: flying
A: sickness immunity, fire resistance 2, cold vulnerability 1, float, innate
caster, hp casting, extra vitality 1
a: Renounce Religion, Sea of Fire, Foxfire Swarm, Rising Flame


You were on level 9 of the Dungeon.
You worshipped Ignis.
Ignis was extremely pleased with you.
You visited 1 branch of the dungeon, and saw 9 of its levels.
You also visited: Sewer.

You collected 416 gold pieces.

Inventory:

Hand Weapons
 a - a -1 falchion of flaming
 c - the +6 battleaxe "Acliu" (weapon) {spect, rC+ Int+3}
   (You acquired it in a sewer)

   When its wielder attacks, the weapon's spirit leaps out and strikes again.
   The spirit shares a part of any damage it takes with its wielder.
   Int:       It affects your intelligence (+3).
   rC:        It protects you from cold.
 f - a +1 vampiric dagger
 s - a +2 dagger of venom
 A - the +6 hunting sling "Zerheho" {vorpal, Fly rCorr}
   (You found it on level 5 of the Dungeon)

   Any ammunition fired from it inflicts extra damage upon your enemies.
   Fly:       It grants you flight.
   rCorr:     It protects you from acid and corrosion.
 B - the +6 dagger "Pirghet" {drain, Int+2}
   (You found it on level 6 of the Dungeon)

   A truly terrible weapon, it drains the life of any living foe it strikes.
   Int:       It affects your intelligence (+2).
Missiles
 H - a throwing net
Armour
 b - a +0 robe (worn)
 m - a +1 pair of gloves (worn)
 D - a +1 pair of gloves
 G - a +0 cloak (worn)
Magical Staves
 p - a staff of cold
Jewellery
 k - a ring of protection from cold (right hand)
 v - a +6 ring of dexterity
 x - a ring of wizardry
 E - a +4 ring of evasion (left hand)
Wands
 t - a wand of digging (6)
 y - a wand of polymorph (17)
 C - a wand of paralysis (10)
Scrolls
 d - 6 scrolls of teleportation
 j - 5 scrolls of enchant weapon
 F - a scroll of identify
Potions
 e - 3 potions of cancellation
 g - 2 potions of degeneration {unknown}
 h - 3 potions of mutation {unknown}
 i - 2 potions of curing {unknown}
 l - 5 potions of heal wounds {unknown}
 n - 5 potions of flight {unknown}
 o - 4 potions of attraction {unknown}
 q - 6 potions of haste
 r - a potion of lignification {unknown}
 u - 3 potions of might
 z - a potion of invisibility {unknown}


   Skills:
 + Level 8.3 Fighting
 - Level 2.6 Long Blades
 + Level 4.9 Axes
 * Level 8.8 Spellcasting


You had 16 spell levels left.
You knew the following spells:

 Your Spells              Type           Power      Damage    Failure   Level
a - Magic Dart            Conj           100%       1d8       1%          1
b - Call Imp              Summ           48%        N/A       1%          2
c - Corpse Rot            Necr/Air       96%        N/A       1%          2
d - Teleport Other        Tloc           48%        N/A       1%          3
p - Scorch                Fire           96%        2d9       1%          2
Your spell library was empty.

Dungeon Overview and Level Annotations

Branches:
Dungeon (9/15)             Temple (0/1) D:5           Sewer (visited)
   Lair: D:8-11         Orc: D:9-12

Altars:
Xom

Shops:
D:3 :   D:4 (

Annotations:
D:6 2 transporters
D:7 2 transporters, Demosthentine's ghost, novice MfGl


Innate Abilities, Weirdness & Mutations

You are immune to sickness and miasma.
You are immune to poison.
Your flesh is very heat resistant. (rF++)
You are vulnerable to cold. (rC-)
You float through the air rather than walking.
You learn spells naturally, not from books.
Your magical power is your life essence.
You have superior vitality. (+4 HP)


Message History

Your crimson imp closely misses the two-headed ogre.
Casting: Scorch (safe; 1% risk of failure)
Press: ? - help, Q - select action, (/) - cycle Dir - look around, f - activate Flames lash the two-headed ogre.
The two-headed ogre is burned terribly!
The two-headed ogre is heavily wounded.
Your crimson imp hits the two-headed ogre but does no damage.
Casting: Scorch (safe; 1% risk of failure)
Press: ? - help, Q - select action, (/) - cycle Dir - look around, f - activate Flames lash the two-headed ogre.
The two-headed ogre is burned terribly!
The two-headed ogre is heavily wounded.
The two-headed ogre barely misses you. x2
Your crimson imp hits the two-headed ogre but does no damage.
Casting: Scorch (safe; 1% risk of failure)
Press: ? - help, Q - select action, (/) - cycle Dir - look around, f - activate Flames lash the two-headed ogre.
The two-headed ogre is burned terribly!
The two-headed ogre is severely wounded.
The two-headed ogre hits you with a +0 giant club!
The two-headed ogre hits you with a +0 giant club!!
* * * LOW HITPOINT WARNING * * *
Your crimson imp hits the two-headed ogre.
Casting: Scorch (safe; 1% risk of failure)
Press: ? - help, Q - select action, (/) - cycle Dir - look around, f - activate Flames lash the two-headed ogre but do no damage.
* * * LOW HITPOINT WARNING * * *
Your crimson imp barely misses the two-headed ogre.
Unknown command.
Casting: Scorch (safe; 1% risk of failure)
Press: ? - help, Q - select action, (/) - cycle Dir - look around, f - activate Flames lash the two-headed ogre.
The two-headed ogre is burned terribly!
The two-headed ogre is almost dead.
* * * LOW HITPOINT WARNING * * *
The two-headed ogre closely misses you. The two-headed ogre barely misses you.
Your crimson imp hits the two-headed ogre.
Casting: Scorch (safe; 1% risk of failure)
Press: ? - help, Q - select action, (/) - cycle Dir - look around, f - activate Flames lash the two-headed ogre.
The two-headed ogre is burned terribly!
The two-headed ogre is almost dead.
* * * LOW HITPOINT WARNING * * *
The two-headed ogre hits you with a +0 giant club!!
You die...

#.##.# #.# #
#.##.# #.# .#
#.##.###.##.#
#.##.#......#
#....#......###
###............
#.............
#.......5...#
#.....@O..#..
##...>........
####.....####
#...!.# ####..#
... .##. .# .#


You could see a two-headed ogre (combustible, ally target) and a friendly
crimson imp (summoned).

Vanquished Creatures
  Pikel (D:4)
  Joseph (D:9)
  Psyche (D:9)
  A wraith (D:9)
  A wyvern (D:5)
  A steam dragon (D:6)
  A water moccasin (D:6)
  An ice beast (D:8)
  A necrophage (D:5)
  2 ogres
  3 lemures (D:4)
  3 centaurs
  A phantom (D:5)
  2 kobold brigands
  5 bullfrogs
  3 scorpions
  A wyvern skeleton (D:7)
  A water moccasin skeleton (D:6)
  5 wights (D:8)
  A howler monkey (D:5)
  A bullfrog zombie (D:5)
  2 gnoll shamans (D:8)
  3 orc priests (D:7)
  3 hounds (D:5)
  A jelly (D:6)
  5 iguanas
  5 orc wizards
  2 killer bee zombies (D:8)
  2 howler monkey zombies
  15 adders
  11 gnolls
  2 howler monkey skeletons (D:7)
  7 river rats (Sewer)
  A shadow imp (D:8)
  2 ufetubi
  3 dart slugs
  14 orcs
  14 ball pythons
  9 endoplasms
  4 giant cockroaches
  5 hobgoblins
  7 jackals
  9 kobolds
  8 quokkas
  4 bats
  4 frilled lizards
  6 goblins
  21 rats
206 creatures vanquished.

Notes
Turn   | Place    | Note
-------+----------+-------------------------------------------
     0 | D:1      | lunkers the Djinni Cinder Acolyte began the quest for the
                  | Orb.
     0 | D:1      | Reached XP level 1. HP: 20/20 MP: 0/0
   290 | D:1      | Reached XP level 2. HP: 12/25 MP: 0/0
   535 | D:1      | Reached XP level 3. HP: 19/30 MP: 0/0
   535 | D:1      | Learned a level 1 spell: Magic Dart
  1933 | D:2      | Reached XP level 4. HP: 32/36 MP: 0/0
  3219 | D:3      | Found a faded altar of an unknown god.
  3299 | D:3      | Found Ylopnofe's Book Emporium.
  3637 | D:3      | Reached XP level 5. HP: 32/41 MP: 0/0
  3637 | D:3      | Learned a level 2 spell: Call Imp
  4025 | D:4      | Found a shimmering altar of Xom.
  4167 | D:4      | Found a glowing drain.
  4264 | Sewer    | Entered a sewer
  4567 | Sewer    | Reached XP level 6. HP: 40/47 MP: 0/0
  5070 | Sewer    | Reached XP level 7. HP: 20/53 MP: 0/0
  5070 | Sewer    | Learned a level 2 spell: Corpse Rot
  5072 | Sewer    | Reached skill level 5 in Fighting
  5072 | Sewer    | Reached skill level 5 in Spellcasting
  5309 | Sewer    | Identified a scroll of acquirement
  5309 | Sewer    | Acquired the +6 battleaxe "Acliu" {spect, rC+ Int+3}
  5752 | D:4      | Found Mesky's Weapon Shop.
  5886 | D:4      | Noticed Pikel
  5957 | D:4      | Killed Pikel
  5958 | D:4      | Reached XP level 8. HP: 12/61 MP: 0/0
  6359 | D:5      | Entered Level 5 of the Dungeon
  6877 | D:5      | Noticed a wyvern
  6889 | D:5      | Killed a wyvern
  6890 | D:5      | Reached XP level 9. HP: 12/67 MP: 0/0
  6890 | D:5      | Learned a level 3 spell: Teleport Other
  6893 | D:5      | Identified the +6 hunting sling "Zerheho" {vorpal, Fly
                  | rCorr}
  7829 | D:5      | Found a staircase to the Ecumenical Temple.
  8138 | D:6      | Identified the +6 dagger "Pirghet" {drain, Int+2}
  8242 | D:6      | Found a transporter.
  8839 | D:6      | Found a transporter.
  9214 | D:7      | Noticed Demosthentine's ghost (novice MfGl)
  9319 | D:7      | Found a transporter.
  9590 | D:7      | Reached XP level 10. HP: 71/75 MP: 0/0
  9689 | D:7      | Found a transporter.
 10825 | D:9      | Noticed Psyche
 10831 | D:9      | Killed Psyche
 10978 | D:9      | Noticed Joseph
 11227 | D:8      | Upgraded the game from 0.28-a0-724-g66f9036eb4 to
                  | 0.28-a0-726-g4a9143789a
 11247 | D:9      | Killed Joseph
 11560 | D:9      | Noticed a two-headed ogre
 11570 | D:9      | Mangled by a two-headed ogre

Illustrated notes

Levels and vault maps discovered:
D:1:      ebering_hopf_link, layout_basic
D:2:      minmay_door_path, layout_basic
D:3:      minmay_thinvault, layout_basic, ebering_ecumenical_altar_webs,
          serial_shops, shop
D:4:      layout_loops_corners, mainiacjoe_overflow_alcove_1, serial_shops,
          nicolae_shop_window_shopping, portal_sewer_entry_d,
          minmay_misc_feat_iff, uniq_pikel
D:5:      layout_loops_ring, minmay_temple_entry_statues_pillars,
          grunt_ministairs_13, minivault_25, minmay_misc_feat_four_crosses
D:6:      gammafunk_cloud_chamber, layout_loops_ring
D:7:      layout_rooms, nzn_ghost_randoct, serial_rivers,
          chequers_serial_rivers_micro_d, chequers_serial_rivers_micro_a,
          chequers_serial_rivers_large_a, chequers_serial_rivers_micro_c,
          chequers_serial_rivers_small_b, chequers_serial_rivers_micro_b
D:8:      layout_basic
D:9:      layout_loops_ring, uniq_joseph, uniq_psyche, uniq_maggie

Skill      XL: |  1  2  3  4  5  6  7  8  9 10 |
---------------+-------------------------------+-----
Spellcasting   | 3 4 5 6 8 |  8.8
Fighting       | 4 5 6 7 8 |  8.3
Axes           | 2 4 |  4.9
Long Blades    | |  2.6

Action                   |  1- 3 |  4- 6 |  7- 9 | 10-12 || total
-------------------------+-------+-------+-------+-------++-------
Melee: Falchion          |    37 |       |       |       ||    37
       Staff             |       |     5 |       |       ||     5
       Battleaxe         |       |       |    59 |    28 ||    87
 Cast: Scorch            |    35 |    78 |    76 |    64 ||   253
       Magic Dart        |       |    20 |     4 |     3 ||    27
       Call Imp          |       |       |       |     1 ||     1
  Use: Scroll            |       |       |     6 |     4 ||    10
       Potion            |       |       |     1 |       ||     1
 Stab: Sleeping          |     1 |       |       |       ||     1
Armor: Robe              |     7 |    10 |    16 |     6 ||    39
Dodge: Dodged            |    38 |    27 |    51 |    59 ||   175

Table legend: (Time is in decaauts)
 A = Elapsed time spent in this place.
 B = Non-inter-level travel time spent in this place.
 C = Inter-level travel time spent in this place.
 D = Time resting spent in this place.
 E = Time spent auto-exploring this place.
 F = Levels seen in this place.
 G = Mean time per level.
                   A        B        C        D        E       F      G
               +--------+--------+--------+--------+--------+-----+--------+
         Total |  11620 |  11384 |    236 |    460 |   9562 |  10 | 1162.0 |
       Dungeon |  10542 |  10306 |    236 |    460 |   8619 |   9 | 1171.3 |
         Sewer |   1078 |   1078 |      0 |      0 |    943 |   1 | 1078.0 |
               +--------+--------+--------+--------+--------+-----+--------+

Top non-repeatable levels by time:
     D:1: 1565 daAuts
     D:5: 1534 daAuts
     D:4: 1482 daAuts
     D:3: 1358 daAuts
     D:6: 1168 daAuts
   Sewer: 1078 daAuts
     D:8: 1018 daAuts
     D:7: 1012 daAuts
     D:2: 887 daAuts
     D:9: 515 daAuts
